 Dungeon Crawl Stone Soup version 0.27-a0-457-gba82baf56e (webtiles) character file.

Game seed: 12206980943466210839

9 Chiseanne the Sneak (level 2, 11/21 HPs)
             Began as a Demonspawn Wanderer on Feb 28, 2021.
             Quit the game on level 1 of the Dungeon.
             The game lasted 00:00:28 (67 turns).

Chiseanne the Sneak (Demonspawn Wanderer)             Turns: 67, Time: 00:00:28

Health: 11/21      AC:  2    Str: 10    XL:     2   Next: 3%
Magic:  2/2        EV: 12    Int: 14    God:
Gold:   0          SH:  0    Dex: 13    Spells: 1/1 levels left

rFire    . . .     SeeInvis .   c - +0 quarterstaff
rCold    . . .     Faith    .   (shield currently unavailable)
rNeg     . . .     Spirit   .   e - +0 robe
rPois    .         Reflect  .   (no helmet)
rElec    .         Harm     .   (no cloak)
rCorr    .         Rampage  .   (no gloves)
Will     .....                  (no boots)
Stlth    ++........             (no amulet)
HPRegen  0.07/turn              (no ring)
MPRegen  0.08/turn              (no ring)

@: no status effects
A: claws 1
a: no special abilities


You were on level 1 of the Dungeon.
You visited 1 branch of the dungeon, and saw 1 of its levels.

Inventory:

Hand Weapons
 a - a +2 dagger
 c - a +0 quarterstaff (weapon)
Armour
 e - a +0 robe (worn)
Scrolls
 d - a scroll of blinking {unknown}
Potions
 b - a potion of heal wounds


   Skills:
 * Level 1.6 Fighting
 - Level 1.0 Throwing
 - Level 2.6 Armour
 * Level 2.1 Dodging
 - Level 2.6 Stealth


You had one spell level left.
You didn't know any spells.
Your spell library was empty.

Dungeon Overview and Level Annotations

Branches:
Dungeon (1/15)

Altars:


Innate Abilities, Weirdness & Mutations

You have sharp fingernails.


Message History

A giant cockroach comes into view.
The giant cockroach bites you but does no damage.
You hit the goblin.
The goblin is moderately wounded.
The giant cockroach barely misses you.
The goblin hits you with a +2 dagger of protection.
The giant cockroach bites you.
A dart slug comes into view.
You hit the goblin.
You kill the goblin!
The giant cockroach closely misses you.
You hit the giant cockroach.
The giant cockroach is almost dead.
The giant cockroach bites you. The giant cockroach misses you.
The giant cockroach barely misses you.
You sock the giant cockroach!
You kill the giant cockroach!
The giant cockroach closely misses you.
Your Dodging skill increases to level 2!
You hit the giant cockroach.
The giant cockroach is moderately wounded.
The giant cockroach bites you but does no damage.
The giant cockroach barely misses you.
You hit the giant cockroach.
The giant cockroach is severely wounded.
The giant cockroach bites you. x2
You barely miss the giant cockroach.
The giant cockroach is severely wounded.
The giant cockroach barely misses you.
You hit the giant cockroach.
You kill the giant cockroach!
You thump the dart slug!
The dart slug is almost dead.
The dart slug closely misses you.
You hit the dart slug.
You kill the dart slug!
You have reached level 2!
Your demonic ancestry asserts itself...
Your fingernails lengthen.
Are you sure you want to abandon this character and quit the game? (Confirm with "yes".)

.. .# .. .#. .# ###....
## .###....... .# ##
....#..... .## ####$
......).. ..#
.....####.)...... .8#
#.....@.......
..##########..###.......
...#.....##..####.......
..8#†...........#.#...#.
.............##...#####
..8#................
...#.......#########
..##.......#
.8#######..#


There were no monsters in sight!

Vanquished Creatures
  A dart slug (D:1)
  A bat (D:1)
  2 giant cockroaches (D:1)
  A goblin (D:1)
  A frilled lizard (D:1)
6 creatures vanquished.

Notes
Turn   | Place    | Note
-------+----------+-------------------------------------------
     0 | D:1      | Chiseanne the Demonspawn Wanderer began the quest for the
                  | Orb.
     0 | D:1      | Chiseanne set off with the following items: a +2 dagger, a
                  | potion of heal wounds, a +0 quarterstaff, a +0 spear, a +0
                  | robe
     0 | D:1      | Reached XP level 1. HP: 15/15 MP: 1/1
     8 | D:1      | Noticed an anaconda
     8 | D:1      | Noticed a snapping turtle
     8 | D:1      | Noticed a swamp worm
     8 | D:1      | Noticed a worker ant
     8 | D:1      | Noticed a five-headed hydra
    67 | D:1      | Gained mutation: You have sharp fingernails. [demonic
                  | ancestry]
    67 | D:1      | Reached XP level 2. HP: 11/21 MP: 2/2
    67 | D:1      | Quit the game

Illustrated notes

Levels and vault maps discovered:
D:1:      onia_arrival_zoo_common, layout_rooms, minivault_23, chequers_jeans,
          minmay_tetromino_t4

Skill      XL: |  1 |
---------------+----+-----
Dodging        | 2 |  2.1
Fighting       | |  1.6
Throwing       | |  1.0
Armour         | |  2.6
Stealth        | |  2.6

Action                   || total
-------------------------++-------
Melee: Quarterstaff      ||    15
Armor: Robe              ||     3
Dodge: Dodged            ||    11

Table legend: (Time is in decaauts)
 A = Elapsed time spent in this place.
 B = Non-inter-level travel time spent in this place.
 C = Inter-level travel time spent in this place.
 D = Time resting spent in this place.
 E = Time spent auto-exploring this place.
 F = Levels seen in this place.
 G = Mean time per level.
                   A        B        C        D        E       F      G
               +--------+--------+--------+--------+--------+-----+--------+
         Total |     71 |     71 |      0 |      0 |     32 |   1 |   71.0 |
       Dungeon |     71 |     71 |      0 |      0 |     32 |   1 |   71.0 |
               +--------+--------+--------+--------+--------+-----+--------+

Top non-repeatable levels by time:
     D:1: 71 daAuts
